TOP OF THE 1ST |
Mile High Broncos batting - Pitching for Mexico City Cerveceros : RHP Josh Schmitt
|
Pitching: RHP Josh Schmitt
|
|
Batting: LHB Ernesto López
|
0-0: Ball 1-0: Called Strike 1-1: Bunted foul 1-2: Ball 2-2: DOUBLE (Flyball, 8RXD)
|
Batting: SHB Tom Stevens
|
0-0: Called Strike 0-1: Ball 1-1: Ball 2-1: Ball 3-1: Foul Ball, location: 2F 3-2: Base on Balls
|
Batting: LHB Mark Everett
|
0-0: Ball 1-0: DOUBLE (Groundball, 5L) Ernesto López scores Tom Stevens to third
|
Batting: SHB Pedro Martínez
|
0-0: Called Strike 0-1: Ball 1-1: Called Strike 1-2: Ball 2-2: Ball 3-2: Foul Ball, location: 2F 3-2: Foul Ball, location: 2F 3-2: Base on Balls
|
Batting: RHB David Moran
|
0-0: Grounds into double play, 4-6-3 (Groundball, 4) Tom Stevens scores Mark Everett to third
|
Batting: LHB Jesús González
|
0-0: Foul Ball, location: 2F 0-1: Foul Ball, location: 2F 0-2: Strikes out looking
|
Top of the 1st over - 2 run(s), 2 hit(s), 0 error(s), 1 left on base; Mile High 2 - Mexico City 0 |
BOTTOM OF THE 1ST |
Mexico City Cerveceros batting - Pitching for Mile High Broncos : LHP Jerry Martin
|
Pitching: LHP Jerry Martin
|
|
Batting: LHB Javier Escobedo
|
0-0: Ball 1-0: Ball 2-0: Ball 3-0: Base on Balls
|
Batting: RHB Robert Johnson
|
0-0: Called Strike 0-1: Ball 1-1: Called Strike 1-2: Foul Ball, location: 2F 1-2: Ball 2-2: Strikes out swinging
|
Batting: RHB Arnold Harmon
|
0-0: Ball 1-0: Called Strike 1-1: Ball 2-1: Called Strike 2-2: Strikes out swinging
|
Batting: RHB Juan Jose Guevana
|
0-0: SINGLE (Line Drive, 7LM) Javier Escobedo to second
|
Batting: RHB Dennis Stephenson
|
0-0: Ball 1-0: Called Strike 1-1: Called Strike 1-2: Foul Ball, location: 2F 1-2: Ball 2-2: Ball 3-2: Foul Ball, location: 2F 3-2: Foul Ball, location: 2F 3-2: Base on Balls Javier Escobedo to third Juan Jose Guevana to second
|
Batting: LHB John Nicholson
|
0-0: Called Strike 0-1: Ball 1-1: Ball 2-1: Fly out, F9 (Flyball, 9LS)
|
Bottom of the 1st over - 0 run(s), 1 hit(s), 0 error(s), 3 left on base; Mile High 2 - Mexico City 0 |
TOP OF THE 2ND |
Mile High Broncos batting - Pitching for Mexico City Cerveceros : RHP Josh Schmitt
|
Batting: RHB Rodney González
|
0-0: Ball 1-0: Swinging Strike 1-1: Ball 2-1: Foul Ball, location: 2F 2-2: Foul Ball, location: 2F 2-2: Ball 3-2: Foul Ball, location: 2F 3-2: Fly out, F8 (Flyball, 8RM)
|
Batting: LHB Milton Watson
|
0-0: Ball 1-0: Foul Ball, location: 2F 1-1: SINGLE (Flyball, 8LS)
|
Batting: RHB Evan Robinson
|
0-0: SINGLE (Groundball, 4MD) Milton Watson to second Runner from 2nd tries for 3rd, SAFE, throw made to third
|
Batting: LHB Ernesto López
|
0-0: Fly out, F7 (Flyball, 78S)
|
Batting: SHB Tom Stevens
|
0-0: Ball 1-0: Swinging Strike 1-1: Foul Ball, location: 2F 1-2: Strikes out swinging
|
Top of the 2nd over - 0 run(s), 2 hit(s), 0 error(s), 2 left on base; Mile High 2 - Mexico City 0 |
BOTTOM OF THE 2ND |
Mexico City Cerveceros batting - Pitching for Mile High Broncos : LHP Jerry Martin
|
Batting: LHB Kevin Beasley
|
0-0: Hit by Pitch
|
Batting: RHB Orlando Núñes
|
0-0: Ball 1-0: Grounds into double play, 6-4-3 (Groundball, 6)
|
Batting: LHB Jesús Núñez
|
0-0: Ball 1-0: Ball 2-0: Ground out 4-3 (Groundball, 4)
|
Bottom of the 2nd over - 0 run(s), 0 hit(s), 0 error(s), 0 left on base; Mile High 2 - Mexico City 0 |
TOP OF THE 3RD |
Mile High Broncos batting - Pitching for Mexico City Cerveceros : RHP Josh Schmitt
|
Batting: LHB Mark Everett
|
0-0: Swinging Strike 0-1: Swinging Strike 0-2: Fly out, F4 (Popup, 4)
|
Batting: SHB Pedro Martínez
|
0-0: Swinging Strike 0-1: Foul Ball, location: 2F 0-2: SINGLE (Groundball, 4MD)
|
Batting: RHB David Moran
|
0-0: Called Strike 0-1: Ball 1-1: 2-RUN HOME RUN (Flyball, 7D), Distance : 468 ft
|
Batting: LHB Jesús González
|
0-0: Called Strike 0-1: Ball 1-1: Ball 2-1: Foul Ball, location: 2F 2-2: Strikes out looking
|
Batting: RHB Rodney González
|
0-0: Called Strike 0-1: Ball 1-1: Foul Ball, location: 2F 1-2: Foul Ball, location: 2F 1-2: Ball 2-2: Ground out 6-3 (Groundball, 6)
|
Top of the 3rd over - 2 run(s), 2 hit(s), 0 error(s), 0 left on base; Mile High 4 - Mexico City 0 |
BOTTOM OF THE 3RD |
Mexico City Cerveceros batting - Pitching for Mile High Broncos : LHP Jerry Martin
|
Batting: LHB Javier Escobedo
|
0-0: Swinging Strike 0-1: Ball 1-1: Foul Ball, location: 2F 1-2: Ball 2-2: Ball 3-2: Foul Ball, location: 2F 3-2: Base on Balls
|
Batting: RHB Robert Johnson
|
0-0: Ball 1-0: Called Strike 1-1: Foul Ball, location: 2F 1-2: SINGLE (Groundball, 56D) Javier Escobedo to second
|
Batting: RHB Arnold Harmon
|
0-0: Foul Ball, location: 2F 0-1: Ball 1-1: Foul Ball, location: 2F 1-2: Ball 2-2: Grounds into double play, 4-6-3 (Groundball, 4M) Javier Escobedo to third
|
Batting: RHB Juan Jose Guevana
|
0-0: Swinging Strike 0-1: Fly out, F8 (Flyball, 8LM)
|
Bottom of the 3rd over - 0 run(s), 1 hit(s), 0 error(s), 1 left on base; Mile High 4 - Mexico City 0 |
TOP OF THE 4TH |
Mile High Broncos batting - Pitching for Mexico City Cerveceros : RHP Josh Schmitt
|
Batting: LHB Milton Watson
|
0-0: Called Strike 0-1: Called Strike 0-2: Ball 1-2: Strikes out looking
|
Batting: RHB Evan Robinson
|
0-0: Called Strike 0-1: Ball 1-1: Foul Ball, location: 2F 1-2: Ball 2-2: Foul Ball, location: 2F 2-2: Strikes out swinging
|
Batting: LHB Ernesto López
|
0-0: Fly out, F7 (Flyball, 7S)
|
Top of the 4th over - 0 run(s), 0 hit(s), 0 error(s), 0 left on base; Mile High 4 - Mexico City 0 |
BOTTOM OF THE 4TH |
Mexico City Cerveceros batting - Pitching for Mile High Broncos : LHP Jerry Martin
|
Batting: RHB Dennis Stephenson
|
0-0: Ball 1-0: Ball 2-0: Ball 3-0: Base on Balls
|
Batting: LHB John Nicholson
|
0-0: Ball 1-0: Called Strike 1-1: Ball 2-1: Ground out 4-3 (Groundball, 34) Dennis Stephenson to second
|
Batting: LHB Kevin Beasley
|
0-0: Ball 1-0: Foul Ball, location: 2F 1-1: Swinging Strike 1-2: Ball 2-2: Strikes out swinging
|
Batting: RHB Orlando Núñes
|
0-0: Foul Ball, location: 2F 0-1: Fly out, F7 (Flyball, 7LM)
|
Bottom of the 4th over - 0 run(s), 0 hit(s), 0 error(s), 1 left on base; Mile High 4 - Mexico City 0 |
TOP OF THE 5TH |
Mile High Broncos batting - Pitching for Mexico City Cerveceros : RHP Josh Schmitt
|
Batting: SHB Tom Stevens
|
0-0: Foul Ball, location: 2F 0-1: Ball 1-1: Ground out 1-3 (Groundball, 15)
|
Batting: LHB Mark Everett
|
0-0: Called Strike 0-1: Called Strike 0-2: Ball 1-2: Strikes out swinging
|
Batting: SHB Pedro Martínez
|
0-0: SINGLE (Groundball, 56D)
|
Batting: RHB David Moran
|
0-0: Ball Pedro Martínez is caught stealing 2nd base
|
Top of the 5th over - 0 run(s), 1 hit(s), 0 error(s), 0 left on base; Mile High 4 - Mexico City 0 |
BOTTOM OF THE 5TH |
Mexico City Cerveceros batting - Pitching for Mile High Broncos : LHP Jerry Martin
|
Batting: LHB Jesús Núñez
|
0-0: Called Strike 0-1: Foul Ball, location: 2F 0-2: Foul Ball, location: 2F 0-2: Strikes out swinging
|
Batting: LHB Javier Escobedo
|
0-0: Foul Ball, location: 2F 0-1: Called Strike 0-2: Foul Ball, location: 2F 0-2: Ball 1-2: SINGLE (Groundball, 34D)
|
Batting: RHB Robert Johnson
|
0-0: Ball 1-0: Ball 2-0: Ball 3-0: Called Strike 3-1: Base on Balls Javier Escobedo to second
|
Batting: RHB Arnold Harmon
|
0-0: Ball 1-0: Called Strike 1-1: Foul Ball, location: 2F 1-2: Ball 2-2: Ball 3-2: SINGLE (Line Drive, 7LS) Javier Escobedo to third Robert Johnson to second Runner from 3rd tries for Home, SAFE, no throw
|
Pitching: LHP Domingo Morales
|
|
Batting: RHB Juan Jose Guevana
|
0-0: Called Strike 0-1: Fielders Choice at 2nd, 6-4 (Groundball, 6) Robert Johnson to third
|
Batting: RHB Dennis Stephenson
|
0-0: Ball 1-0: Called Strike 1-1: Called Strike 1-2: Foul Ball, location: 2F 1-2: Foul Ball, location: 2F 1-2: Strikes out swinging
|
Bottom of the 5th over - 1 run(s), 2 hit(s), 0 error(s), 2 left on base; Mile High 4 - Mexico City 1 |
TOP OF THE 6TH |
Mile High Broncos batting - Pitching for Mexico City Cerveceros : RHP Josh Schmitt
|
Batting: RHB David Moran
|
0-0: Ball 1-0: Ball 2-0: Ball 3-0: Base on Balls
|
Pitching: LHP Doug Starks
|
|
Batting: LHB Jesús González
|
0-0: Foul Ball, location: 2F 0-1: Swinging Strike 0-2: Fly out, F9 (Flyball, 9LS)
|
Batting: RHB Rodney González
|
0-0: Called Strike 0-1: Called Strike 0-2: Ball 1-2: Ball 2-2: Ball 3-2: Strikes out swinging
|
Batting: LHB Milton Watson
|
0-0: Called Strike 0-1: Ball 1-1: Ball 2-1: Ball 3-1: Base on Balls David Moran to second
|
Batting: RHB Evan Robinson
|
0-0: Called Strike 0-1: Swinging Strike 0-2: Ball 1-2: DOUBLE (Line Drive, 78D) David Moran scores Milton Watson to third
|
Batting: LHB Ernesto López
|
0-0: Ball 1-0: Ball 2-0: Called Strike 2-1: Foul Ball, location: 2F 2-2: Ball 3-2: Base on Balls
|
Batting: SHB Tom Stevens
|
0-0: Fly out, F7 (Line Drive, 7)
|
Top of the 6th over - 1 run(s), 1 hit(s), 0 error(s), 3 left on base; Mile High 5 - Mexico City 1 |
BOTTOM OF THE 6TH |
Mexico City Cerveceros batting - Pitching for Mile High Broncos : LHP Domingo Morales
|
Batting: LHB John Nicholson
|
0-0: Ground out 6-3 (Groundball, 6)
|
Batting: LHB Kevin Beasley
|
0-0: Ball 1-0: Called Strike 1-1: Ball 2-1: Ball 3-1: Foul Ball, location: 2F 3-2: Foul Ball, location: 2F 3-2: Base on Balls
|
Batting: RHB Orlando Núñes
|
0-0: Called Strike 0-1: Grounds into double play, 4-6-3 (Groundball, 4)
|
Bottom of the 6th over - 0 run(s), 0 hit(s), 0 error(s), 0 left on base; Mile High 5 - Mexico City 1 |
TOP OF THE 7TH |
Mile High Broncos batting - Pitching for Mexico City Cerveceros : LHP Doug Starks
|
Batting: LHB Mark Everett
|
0-0: Called Strike 0-1: Fly out, F7 (Flyball, 7S)
|
Batting: SHB Pedro Martínez
|
0-0: Ball 1-0: Swinging Strike 1-1: Foul Ball, location: 2F 1-2: Foul Ball, location: 2F 1-2: Foul Ball, location: 2F 1-2: Strikes out swinging
|
Batting: RHB David Moran
|
0-0: Ball 1-0: Ball 2-0: Called Strike 2-1: Foul Ball, location: 2F 2-2: Foul Ball, location: 2F 2-2: Strikes out looking
|
Top of the 7th over - 0 run(s), 0 hit(s), 0 error(s), 0 left on base; Mile High 5 - Mexico City 1 |
BOTTOM OF THE 7TH |
Mexico City Cerveceros batting - Pitching for Mile High Broncos : LHP Domingo Morales
|
Batting: LHB Jesús Núñez
|
0-0: Swinging Strike 0-1: Ball 1-1: Called Strike 1-2: Strikes out looking
|
Batting: LHB Javier Escobedo
|
0-0: Ball 1-0: Foul Ball, location: 2F 1-1: Foul Ball, location: 2F 1-2: Strikes out swinging
|
Batting: RHB Robert Johnson
|
0-0: Fly out, F8 (Flyball, 8LD)
|
Bottom of the 7th over - 0 run(s), 0 hit(s), 0 error(s), 0 left on base; Mile High 5 - Mexico City 1 |
TOP OF THE 8TH |
Mile High Broncos batting - Pitching for Mexico City Cerveceros : LHP Doug Starks
|
Pitching: LHP Rubén Rico
|
|
Batting: LHB Jesús González
|
0-0: Ball 1-0: Swinging Strike 1-1: Called Strike 1-2: Ball 2-2: Strikes out swinging
|
Batting: RHB Rodney González
|
0-0: Ball 1-0: Fly out, F5 (Popup, 5S)
|
Batting: LHB Milton Watson
|
0-0: Called Strike 0-1: SINGLE (Line Drive, 34)
|
Batting: RHB Evan Robinson
|
0-0: Ball 1-0: Swinging Strike 1-1: Foul Ball, location: 2F 1-2: DOUBLE (Groundball, 5L) Milton Watson to third Runner from 3rd tries for Home, throw and OUT!
|
Top of the 8th over - 0 run(s), 2 hit(s), 0 error(s), 1 left on base; Mile High 5 - Mexico City 1 |
BOTTOM OF THE 8TH |
Mexico City Cerveceros batting - Pitching for Mile High Broncos : LHP Domingo Morales
|
Batting: RHB Arnold Harmon
|
0-0: Fly out, F8 (Line Drive, 78M)
|
Batting: RHB Juan Jose Guevana
|
0-0: Ball 1-0: Called Strike 1-1: Ground out 1-3 (Groundball, 13S)
|
Batting: RHB Dennis Stephenson
|
0-0: Ball 1-0: Fly out, F9 (Flyball, 9LMF)
|
Bottom of the 8th over - 0 run(s), 0 hit(s), 0 error(s), 0 left on base; Mile High 5 - Mexico City 1 |
TOP OF THE 9TH |
Mile High Broncos batting - Pitching for Mexico City Cerveceros : LHP Rubén Rico
|
Batting: LHB Ernesto López
|
0-0: Ball 1-0: Fly out, F2 (Popup, 5S)
|
Batting: SHB Tom Stevens
|
0-0: Ball 1-0: Called Strike 1-1: Swinging Strike 1-2: Ball 2-2: Strikes out swinging
|
Batting: LHB Mark Everett
|
0-0: Called Strike 0-1: Ball 1-1: Ball 2-1: Ball 3-1: Base on Balls
|
Batting: SHB Pedro Martínez
|
0-0: Called Strike 0-1: Ball 1-1: Called Strike 1-2: Foul Ball, location: 2F 1-2: Foul Ball, location: 2F 1-2: Ball 2-2: Ball 3-2: Strikes out swinging
|
Top of the 9th over - 0 run(s), 0 hit(s), 0 error(s), 1 left on base; Mile High 5 - Mexico City 1 |
BOTTOM OF THE 9TH |
Mexico City Cerveceros batting - Pitching for Mile High Broncos : LHP Domingo Morales
|
Batting: LHB John Nicholson
|
0-0: Ball 1-0: Ball 2-0: Called Strike 2-1: Called Strike 2-2: Ball 3-2: Ground out 4-3 (Groundball, 4)
|
Pitching: LHP Robin Wilder
|
|
Batting: LHB Kevin Beasley
|
0-0: Ball 1-0: Swinging Strike 1-1: Ball 2-1: Fly out, F8 (Flyball, 8LM)
|
Batting: RHB Orlando Núñes
|
0-0: Ball 1-0: Swinging Strike 1-1: Swinging Strike 1-2: Ball 2-2: Ball 3-2: Foul Ball, location: 2F 3-2: Strikes out swinging
|
Bottom of the 9th over - 0 run(s), 0 hit(s), 0 error(s), 0 left on base; Mile High 5 - Mexico City 1 |
|